 Dungeon Crawl Stone Soup version 0.27-a0-672-gac1c3f1 (webtiles) character file.

Game seed: 10029976046552744574

114 GeorgeSoros the Magician (level 4, -1/34 HPs)
             Began as a Gnoll Wanderer on Mar 17, 2021.
             Killed from afar by a white imp (12 damage)
             ... with a puff of frost
             ... summoned by Natasha
             ... on level 3 of the Dungeon.
             The game lasted 00:05:14 (2127 turns).

GeorgeSoros the Magician (Gnoll Wanderer)           Turns: 2127, Time: 00:05:15

Health: -1/34      AC:  4    Str: 12    XL:     4   Next: 97%
Magic:  11/11      EV: 11    Int: 12    God:
Gold:   63         SH:  0    Dex: 11    Spells: 13/13 levels left

rFire    . . .     SeeInvis .   a - +3 spear
rCold    . . .     Faith    .   (no shield)
rNeg     . . .     Spirit   .   j - +1 leather armour
rPois    .         Reflect  .   (no helmet)
rElec    .         Harm     .   (no cloak)
rCorr    .         Rampage  .   (no gloves)
Will     .....                  (no boots)
Stlth    +.........             (no amulet)
HPRegen  0.11/turn              (no ring)
MPRegen  0.12/turn              (no ring)

@: no status effects
A: fangs 1, strong nose, distributed training
a: no special abilities


You were on level 3 of the Dungeon.
You visited 1 branch of the dungeon, and saw 3 of its levels.

You collected 63 gold pieces.

Inventory:

Hand Weapons
 a - a +3 spear (weapon)
 b - a +0 hand crossbow
 e - a +2 hand axe of flaming
Missiles
 c - 29 bolts
 g - a boomerang (quivered)
 m - 8 poisoned darts
Armour
 j - a +1 leather armour (worn)
 k - a +0 chain mail
Scrolls
 d - 2 scrolls of teleportation
 f - a scroll of enchant weapon
Potions
 h - 2 potions of curing
 i - 2 potions of degeneration {unknown}
 l - a potion of lignification {unknown}
 n - a potion of might {unknown}


   Skills:
 + Level 2.8 Fighting
 + Level 1.3 Short Blades
 + Level 1.3 Long Blades
 + Level 1.3 Axes
 + Level 1.3 Maces & Flails
 + Level 1.3 Polearms
 + Level 1.3 Staves
 + Level 1.3 Slings
 + Level 1.3 Bows
 + Level 1.3 Crossbows
 + Level 2.8 Throwing
 + Level 4.7 Armour
 + Level 1.3 Dodging
 + Level 1.3 Stealth
 + Level 2.8 Shields
 + Level 1.3 Unarmed Combat
 + Level 5.1 Spellcasting
 + Level 2.3 Conjurations
 + Level 1.0 Hexes
 + Level 1.0 Summonings
 + Level 3.9 Necromancy
 + Level 1.0 Translocations
 + Level 1.0 Transmutations
 + Level 1.0 Fire Magic
 + Level 1.0 Ice Magic
 + Level 1.0 Air Magic
 + Level 1.0 Earth Magic
 + Level 1.0 Poison Magic
 + Level 1.4 Invocations
 + Level 1.3 Evocations


You had 13 spell levels left.
You didn't know any spells.
Your spell library contained the following spells:

 Spells                   Type           Power      Damage    Failure   Level
 Corona                   Hex            5%         N/A       16%         1
 Sting                    Tmut/Pois      20%        1d4       16%         1
 Ensorcelled Hibernation  Hex/Ice        10%        N/A       24%         2
 Poisonous Vapours        Pois/Air       10%        N/A       24%         2
 Dazzling Flash           Conj/Hex       14%        N/A       36%         3
 Mephitic Cloud           Conj/Pois/Air  6%         N/A       38%         3
 Confusing Touch          Hex            5%         N/A       43%         3
 Ignite Poison            Fire/Tmut/Pois 5%         N/A       43%         3
 Tukima's Dance           Hex            5%         N/A       43%         3
 Olgreb's Toxic Radiance  Pois           5%         N/A       85%         4


Dungeon Overview and Level Annotations

Branches:
Dungeon (3/15)

Altars:

Shops:
D:1 ?

Annotations:
D:3 Natasha


Innate Abilities, Weirdness & Mutations

You have very sharp teeth.
Your uncanny sense of smell can sniff out nearby items.
Your experience applies equally to all skills.


Message History

Found a robe.
n - a scroll labelled ASHROF MICAELIG
As you read the scroll labelled ASHROF MICAELIG, it crumbles to dust.
It is a scroll of enchant armour.
Your +0 leather armour glows green for a moment.
Found a stone staircase leading up.
n - an emerald potion A bat comes into view.
A bat is nearby!
Found 24 stones.
You reach to attack!
You barely miss the bat. The bat hits you but does no damage.
You reach to attack!
You miss the bat. The bat barely misses you.
You reach to attack!
You closely miss the bat. The bat closely misses you.
You reach to attack!
You puncture the bat!
You kill the bat!
No target in view!
Natasha, Servant of Life and Death comes into view.
You throw a boomerang. The boomerang barely misses Natasha.
Natasha hisses angrily.
Natasha stares at you and mumbles some strange words.
The magic dart hits you.
Natasha mumbles some strange words.
You reach to attack!
You barely miss Natasha.
Natasha stares at you and mumbles some strange words.
The magic dart hits you!
You hit Natasha. You punch Natasha.
Natasha is moderately wounded.
Natasha claws you.
You are too injured to fight recklessly!
You are too injured to fight recklessly!
You closely miss Natasha.
Natasha is moderately wounded.
The white imp summons a swarm of flies.
Natasha claws you.
You barely miss Natasha.
Natasha is moderately wounded.
The white imp gestures at you. The puff of frost hits you!
You die...

## #### #### #.
##..## #... #.
#....## #... ##.
#.##..###...
#..###.###.....<.
##.(.###........
##.....##..##.###
###.8...8.##..>..##
#h@........####....
#..5....⌠....#
#.#..
#............#
#...#
##..#.8...8.##
#.... $...##.....##
##[## #..# ##...##
#.# #.# ##..# ..#
#. ### ..### #


You could see Natasha and a white imp (summoned).

Vanquished Creatures
  Jessica (D:3)
  Natasha (D:3)
  2 adders (D:2)
  A worm (D:2)
  4 dart slugs
  A leopard gecko (D:2)
  3 bats
  4 giant cockroaches
  6 goblins
  A hobgoblin (D:2)
  4 kobolds
  2 quokkas
  2 frilled lizards
  2 rats
34 creatures vanquished.

Notes
Turn   | Place    | Note
-------+----------+-------------------------------------------
     0 | D:1      | GeorgeSoros the Gnoll Wanderer began the quest for the Orb.
     0 | D:1      | GeorgeSoros set off with the following items: a +2 spear, a
                  | +0 hand crossbow, 29 bolts, a scroll of teleportation, a +0
                  | robe
     0 | D:1      | Reached XP level 1. HP: 17/17 MP: 6/6
   105 | D:1      | Reached XP level 2. HP: 23/23 MP: 7/7
   324 | D:1      | Found Akoq's Magic Scroll Emporium.
   680 | D:2      | Reached skill level 5 in Spellcasting
   680 | D:2      | Reached XP level 3. HP: 14/28 MP: 7/9
  1083 | D:2      | Reached skill level 1 in Invocations
  1654 | D:2      | Reached skill level 1 in Short Blades
  1654 | D:2      | Reached skill level 1 in Long Blades
  1654 | D:2      | Reached skill level 1 in Axes
  1654 | D:2      | Reached skill level 1 in Maces & Flails
  1654 | D:2      | Reached skill level 1 in Polearms
  1654 | D:2      | Reached skill level 1 in Staves
  1654 | D:2      | Reached skill level 1 in Slings
  1654 | D:2      | Reached skill level 1 in Bows
  1654 | D:2      | Reached skill level 1 in Crossbows
  1654 | D:2      | Reached skill level 1 in Dodging
  1654 | D:2      | Reached skill level 1 in Stealth
  1654 | D:2      | Reached skill level 1 in Unarmed Combat
  1654 | D:2      | Reached skill level 1 in Evocations
  1658 | D:2      | Reached XP level 4. HP: 19/34 MP: 11/11
  2020 | D:3      | Noticed Natasha
  2023 | D:3      | Killed Natasha
  2047 | D:3      | Noticed Jessica
  2052 | D:3      | Killed Jessica
  2053 | D:3      | Reached skill level 1 in Hexes
  2053 | D:3      | Reached skill level 1 in Summonings
  2053 | D:3      | Reached skill level 1 in Translocations
  2053 | D:3      | Reached skill level 1 in Transmutations
  2053 | D:3      | Reached skill level 1 in Fire Magic
  2053 | D:3      | Reached skill level 1 in Ice Magic
  2053 | D:3      | Reached skill level 1 in Air Magic
  2053 | D:3      | Reached skill level 1 in Earth Magic
  2053 | D:3      | Reached skill level 1 in Poison Magic
  2121 | D:3      | Noticed Natasha
  2127 | D:3      | Killed from afar by a white imp

Illustrated notes

Levels and vault maps discovered:
D:1:      dpeg_arrival_stonehenge_8_columns, layout_basic, serial_shops, shop
D:2:      minmay_door_path, layout_rooms, chequers_serial_rivers_small_3
D:3:      layout_rooms, grunt_temple_overflow_open, wad_floor_pattern_untrapped,
          uniq_jessica, uniq_natasha

Skill      XL: |  1  2  3  4 |
---------------+-------------+-----
Conjurations   | 2 |  2.3
Spellcasting   | 5 |  5.1
Invocations    | 1 |  1.4
Short Blades   | 1 |  1.3
Long Blades    | 1 |  1.3
Axes           | 1 |  1.3
Maces & Flails | 1 |  1.3
Polearms       | 1 |  1.3
Staves         | 1 |  1.3
Slings         | 1 |  1.3
Bows           | 1 |  1.3
Crossbows      | 1 |  1.3
Dodging        | 1 |  1.3
Stealth        | 1 |  1.3
Unarmed Combat | 1 |  1.3
Evocations     | 1 |  1.3
Hexes          | 1 |  1.0
Summonings     | 1 |  1.0
Translocations | 1 |  1.0
Transmutations | 1 |  1.0
Fire Magic     | 1 |  1.0
Ice Magic      | 1 |  1.0
Air Magic      | 1 |  1.0
Earth Magic    | 1 |  1.0
Poison Magic   | 1 |  1.0
Fighting       | |  2.8
Throwing       | |  2.8
Armour         | |  4.7
Shields        | |  2.8
Necromancy     | |  3.9

Action                   |  1- 3 |  4- 6 || total
-------------------------+-------+-------++-------
Melee: Spear             |    86 |    21 ||   107
       Bite              |     5 |       ||     5
       Punch             |       |     1 ||     1
Throw: Boomerang         |    26 |     3 ||    29
  Use: Scroll            |     5 |     1 ||     6
       Potion            |     1 |       ||     1
 Stab: Sleeping          |     1 |       ||     1
Armor: Robe              |     6 |       ||     6
       Leather armour    |     8 |     1 ||     9
Dodge: Dodged            |    43 |     7 ||    50

Table legend: (Time is in decaauts)
 A = Elapsed time spent in this place.
 B = Non-inter-level travel time spent in this place.
 C = Inter-level travel time spent in this place.
 D = Time resting spent in this place.
 E = Time spent auto-exploring this place.
 F = Levels seen in this place.
 G = Mean time per level.
                   A        B        C        D        E       F      G
               +--------+--------+--------+--------+--------+-----+--------+
         Total |   2142 |   2108 |     34 |      0 |   1777 |   3 |  714.0 |
       Dungeon |   2142 |   2108 |     34 |      0 |   1777 |   3 |  714.0 |
               +--------+--------+--------+--------+--------+-----+--------+

Top non-repeatable levels by time:
     D:2: 1384 daAuts
     D:1: 581 daAuts
     D:3: 176 daAuts
